 Dungeon Crawl Stone Soup version 0.31-a0-662-g684573625c (webtiles) character file.

Game seed: 5838521695646281401

183441 Xavori the Imperceptible (level 18, -16/130 HPs)
             Began as an Octopode Chaos Knight on Sept 2, 2023.
             Was a Plaything of Xom.
             Killed from afar by a salamander tyrant (35 damage)
             ... on level 4 of the Snake Pit.
             The game lasted 00:56:36 (38790 turns).

Xavori the Imperceptible (Octopode Chaos Knight)   Turns: 38790, Time: 00:56:38

Health: -16/130    AC:  9    Str: 15    XL:     18   Next: 37%
Magic:  26/26      EV: 26    Int: 12    God:    Xom [......]
Gold:   1176       SH: 18    Dex: 34    Spells: 22/25 levels left

rFire   + . .        a - +5 dagger of Action {freeze, rC+ rN++}
rCold   + + +        Z - +3 warlock's mirror {omnireflect}
rNeg    + + .        (helmet restricted)
rPois   +            u - amulet of reflection
rElec   +            h - ring of resist corrosion
rCorr   +            l - +6 ring of dexterity
SInv    +            e - ring of willpower
Will    +++++        M - ring of poison resistance
Stlth   ++++++++++   v - ring of willpower
HPRegen 0.41/turn    A - +6 ring of dexterity
MPRegen 0.20/turn    N - ring of protection from fire
                     E - ring of see invisible

%: reflection
@: maw-form, weakened
A: devouring maw, almost no armour, amphibious, 8 rings, camouflage 1,
gelatinous body 1, (nimble swimmer 1), tentacles, fangs 1, tentacle spike 2,
iridescent scales 3, agile 1, cold resistance 3, high MP 1, strong-willed 3,
sense surroundings 2, robust 1, shaggy fur 2, electricity resistance, strong 1,
teleportitis 1, wild magic 1, evolution 1, noise suppression
a: Begin Untransformation, Renounce Religion


You were on level 4 of the Snake Pit.
You worshipped Xom.
You were a very special plaything of Xom.
You were a creature with a mouth for a stomach.
You visited 4 branches of the dungeon, and saw 26 of its levels.
You visited the Abyss 1 time.
You also visited: Bailey.

You collected 2907 gold pieces.
You spent 1731 gold pieces at shops.

Inventory:

Hand Weapons
 a - the +5 dagger of Action (weapon) {freeze, rC+ rN++}
   (You bought it in a shop on level 1 of the Snake Pit)

   rC+:       It protects you from cold.
   rN++:      It greatly protects you from negative energy.
 f - a +3 dagger of speed
Armour
 Z - the +3 warlock's mirror (worn) {omnireflect}
   (You found it on level 13 of the Dungeon)

   Omnireflect: It can block and reflect piercing ranged attacks and magical
   attacks against the wielder's willpower.
Jewellery
 e - a ring of willpower (on tentacle)
 h - a ring of resist corrosion (left tentacle)
 l - a +6 ring of dexterity (right tentacle)
 n - a ring of protection from cold
 t - a ring of flight
 u - an amulet of reflection (around mantle)
 v - a ring of willpower (on tentacle)
 A - a +6 ring of dexterity (on tentacle)
 E - a ring of see invisible (on tentacle)
 H - an amulet of regeneration
 M - a ring of poison resistance (on tentacle)
 N - a ring of protection from fire (on tentacle)
Talismans
 b - a granite talisman
 p - a beast talisman
 B - a maw talisman (active)
Wands
 x - a wand of roots (19)
 y - a wand of charming (24)
 K - a wand of polymorph (7)
 O - a wand of mindburst (4)
 V - a wand of flame (6)
Scrolls
 c - 12 scrolls of teleportation
 d - 5 scrolls of poison
 i - 5 scrolls of fog
 w - 6 scrolls of immolation
 z - a scroll of enchant armour
 D - 2 scrolls of silence
 I - 12 scrolls of identify
 J - 3 scrolls of revelation
 L - 10 scrolls of blinking
 P - 4 scrolls of fear
 Q - 2 scrolls of amnesia
 T - 8 scrolls of enchant weapon
 U - a scroll of brand weapon
Potions
 g - 14 potions of curing
 k - 3 potions of cancellation
 m - 2 potions of might
 o - 2 potions of brilliance {unknown}
 q - a potion of resistance
 s - a potion of magic
 C - 3 potions of enlightenment
 F - a potion of berserk rage
 G - a potion of haste
 R - 2 potions of heal wounds
 S - 2 potions of ambrosia
 X - 3 potions of mutation
 Y - a potion of invisibility {unknown}
Miscellaneous
 j - a lightning rod (inert)
 W - a condenser vane (inert)


   Skills:
 + Level 9.4 Fighting
 * Level 11.5 Short Blades
 + Level 10.7 Dodging
 - Level 21.1 Stealth
 + Level 11.8 Shields
 * Level 3.4 Unarmed Combat
 - Level 4.1 Spellcasting
 - Level 5.6 Conjurations
 - Level 5.5 Hexes
 - Level 12.2 Evocations
 * Level 13.0 Shapeshifting


You had 22 spell levels left.
You knew the following spells:

 Your Spells              Type           Power      Damage    Failure   Level
a - Dazzling Flash        Conj/Hex       40%        N/A       12%         3

Your spell library contained the following spells:

 Spells                   Type           Power      Damage    Failure   Level
 Magic Dart               Conj           80%        1d7       4%          1
 Tukima's Dance           Hex            20%        N/A       13%         3
 Ensorcelled Hibernation  Hex/Ice        22%        N/A       19%         2
 Hailstorm                Conj/Ice       12%        3d5       32%         3
 Stone Arrow              Conj/Erth      24%        3d8       32%         3
 Freeze                   Ice            12%        1d3       34%         1
 Sandblast                Erth           6%         2d5       34%         1
 Portal Projectile        Hex/Tloc       22%        N/A       34%         3
 Summon Guardian Golem    Hex/Summ       11%        N/A       34%         3
 Fulminant Prism          Conj/Hex       10%        3d9       34%         4
 Blink                    Tloc           6%         N/A       45%         2
 Call Imp                 Summ           6%         N/A       45%         2
 Passwall                 Tmut/Erth      2%         N/A       45%         2
 Poisonous Vapours        Pois/Air       6%         N/A       45%         2
 Mephitic Cloud           Conj/Pois/Air  9%         N/A       45%         3
 Call Canine Familiar     Summ           3%         N/A       69%         3
 Frozen Ramparts          Ice            6%         1d1       69%         3
 Ignite Poison            Fire/Tmut/Pois 3%         N/A       69%         3
 Teleport Other           Tloc           3%         N/A       69%         3
 Volatile Blastmotes      Fire/Tloc      6%         2d10      69%         3
 Anguish                  Hex/Necr       5%         N/A       71%         4
 Iskenderun's Mystic Bla  Conj/Tloc      12%        2d5       71%         4
 Leda's Liquefaction      Hex/Erth       5%         N/A       71%         4
 Sticky Flame             Conj/Fire      12%        2d4       71%         4
 Metabolic Englaciation   Hex/Ice        5%         N/A       96%         5
 Silence                  Hex/Air        5%         N/A       96%         5
 Summon Mana Viper        Hex/Summ       11%        N/A       96%         5
 Manifold Assault         Tloc           3%         N/A       97%         4
 Petrify                  Tmut/Erth      3%         N/A       97%         4
 Summon Ice Beast         Ice/Summ       3%         N/A       97%         4
 Vhi's Electric Charge    Tloc/Air       6%         N/A       97%         4
 Freezing Cloud           Conj/Ice/Air   4%         6-21      99%         5
 Agony                    Necr           3%         N/A       100%        5
 Summon Forest            Summ/Tloc      1%         N/A       100%        5
 Simulacrum               Ice/Necr       1%         N/A       100%        6
 Starburst                Conj/Fire      6%         6d4       100%        6
 Summon Cactus Giant      Summ           1%         N/A       100%        6
 Orb of Destruction       Conj           10%        9d6       100%        7
 Spellforged Servitor     Conj/Summ      6%         N/A       100%        7
 Ignition                 Fire           1%         3d3       100%        8
 Maxwell's Capacitive Co  Air            1%         ∞         100%        8


Dungeon Overview and Level Annotations

Branches:
Dungeon (15/15)            Temple (0/1) D:6            Lair (5/5) D:9
  Swamp (0/4) Lair:3        Snake (4/4) Lair:3        Slime (0/5) Lair:5
    Orc (2/2) D:10            Elf (0/3) Orc:2        Vaults (0/5) D:14
 Depths (0/4) D:15         Bailey (visited)

Altars:
Elyvilon
Hepliaklqana
Makhleb
Nemelex Xobeh
Okawaru
Qazlal
Ru
Trog
Vehumet
Wu Jian
Xom
Zin
Jiyva

Shops:
D:4 :?:[   D:11 ![   D:12 *   Orc:2 (?=*:   Snake:1 ([?   Snake:3 [[
Snake:4 *

Annotations:
Lair:3 2 transporters, Uleac's ghost, journeyman DsNe


Innate Abilities, Weirdness & Mutations

You are a creature with a mouth for a stomach.
Your midsection houses a second, enormous mouth.
You cannot wear most types of armour.
You are amphibious.
You can wear up to eight rings at the same time.
Your skin changes colour to match your surroundings (Stealth+).
Your rubbery body absorbs attacks. (AC +1, EV +1)
((You are camouflaged when in or above water. (Stealth+)))
You have tentacles for arms and can constrict up to eight enemies at once.
You have very sharp teeth.
One of your tentacles bears a nasty spike.
You are completely covered in iridescent scales. (AC +6)
You are agile. (Dex +4, Str/Int -1)
Your flesh is almost immune to the effects of cold. (rC+++)
You have an increased reservoir of magic. (+10% MP)
You are extremely strong-willed. (Will+++)
You passively map the area around you.
You are robust. (+10% HP)
You are covered in thick fur. (AC +2)
You are resistant to electric shocks. (rElec)
Your muscles are strong. (Str +4, Int/Dex -1)
You are occasionally teleported next to monsters.
Your spells are a little harder to cast, but a little more powerful.
You have hidden genetic potential.
You passively dampen the noise of your surroundings.


Message History

Press: ? - help, Shift-Dir - straight line, f/p - salamander tyrant
Aim: a salamander tyrant (heavily wounded, fast)
The thunderbolt hits the salamander tyrant!!!
The salamander tyrant is almost dead.
The thunderbolt hits the salamander mystic!!
The salamander mystic is heavily wounded.
The thunderbolt hits the guardian serpent!!!
You kill the guardian serpent!
The thunderbolt hits the naga warrior!!
The naga warrior is heavily wounded.
The lightning rod overheats!
You hear a shout! x2
The salamander tyrant rends the earth beneath you!
The blast of magma engulfs you!! You partially resist.
* * * LOW HITPOINT WARNING * * *
Unknown command.
Unknown command.
Unknown command.
Okay, then.
You feel much better.
The salamander tyrant rends the earth beneath you!
The blast of magma engulfs you!! You partially resist.
* * * LOW HITPOINT WARNING * * *
A naga warrior comes into view. It is wielding a +0 mace.
The salamander tyrant gazes fiercely through you!
You feel as though you will be weak longer.
The salamander mystic casts a spell at you.
The bolt of magma hits you! You partially resist.
* * * LOW HITPOINT WARNING * * *
Unknown command.
Unknown command.
Unknown command.
Blink to where?
Press: ? - help, Dir - move target, p - salamander tyrant A salamander tyrant, a salamander mystic, a naga warrior and a salamander come into view.
As you read the scroll of blinking, it crumbles to dust.
The salamander tyrant rends the earth beneath you!
The blast of magma engulfs you!! You partially resist.
You die...
Xom howls with laughter!

#......####...## #### #........
...............####..# ###......
................##...# ##.....
.....(.).........)...## ##.....
.................)....## ##......
.............).......)(###.......
#.........[.........).)))........
#....###.####....................
......#### #...W................
.......######N☼..................
...S..###§≈§NN..○................
.....#######NN......)............
.......#.###N......#)............
...).......NNS....###............
............N.!....###...........
..............N...## #...........
.)..._.......(....# ##..........


You could see 4 naga warriors, a naga sharpshooter (curare), 2 salamander
tyrants, 2 salamander mystics, a salamander (wandering) and a shock serpent.

Vanquished Creatures
  Vashnia (Snake:2)
  Rupert (D:12)
  A tentacled starspawn (Abyss:2)
  Frances (Snake:1)
  Kirke (Lair:4)
  3 nagarajas
  Nessos (Lair:5)
  A green draconian (Abyss:2)
  Snorg (D:13)
  An ettin (D:15)
  Harold (D:10)
  6 hydras
  An ogre mage (D:15)
  4 salamander tyrants
  14 anacondas
  7 centaur warriors
  An ice dragon (Lair:5)
  2 dancing weapons (D:14)
  6 tengu warriors
  7 two-headed ogres
  3 catoblepae
  3 boulder beetles
  7 death yaks
  7 naga warriors
  Urug (D:12)
  A thrashing horror (Abyss:2)
  5 shock serpents
  Sonja (Lair:3)
  11 naga sharpshooters
  7 skeletal warriors
  3 skysharks
  A hell knight (D:15)
  5 salamander mystics
  A deep troll (D:15)
  A bog body (Lair:1)
  8 naga ritualists
  A wizard (D:14)
  A lindwurm (Lair:5)
  3 orc knights
  3 manticores
  A wolf spider (Lair:5)
  A necromancer (D:15)
  A deep elf pyromancer (D:15)
  10 mana vipers
  3 ugly things
  2 orc sorcerers
  An oklob plant (Lair:3)
  5 cyclopes
  11 elephants
  14 salamanders
  Joseph (D:10)
  13 naga magi
  4 slime creatures
  36 black mambas
  7 guardian serpents
  An unseen horror (shapeshifter) (D:15)
  17 cane toads
  5 torpor snails (Lair:5)
  Maggie (D:8)
  Jeremiah (D:8)
  6 gargoyles
  2 unseen horrors
  4 rime drakes
  A freezing wraith (D:15)
  An anaconda simulacrum (Lair:1)
  6 komodo dragons
  3 tengu conjurers
  4 trolls
  10 hornets
  2 polar bears
  4 tyrant leeches (Lair:5)
  8 raiju (Abyss:2)
  A hornet (shapeshifter) (D:15)
  14 blink frogs
  6 dream sheep (Lair:5)
  A large abomination (Abyss:2)
  A shadow (D:12)
  A centaur simulacrum (D:14)
  14 wyverns
  3 vampires
  A ynoxinul (Abyss:2)
  2 hogs
  5 wraiths
  A golden eye (Lair:5)
  5 basilisks
  41 yaks
  3 steam dragons (D:10)
  10 vampire mosquitoes
  2 redbacks (Lair:5)
  2 wargs
  32 nagas
  A harpy simulacrum (D:15)
  2 acid dragons
  24 water moccasins
  45 orc warriors
  4 sky beasts
  A black bear (D:9)
  2 ice beasts
  3 boggarts (D:15)
  16 centaurs
  4 ogres
  25 wolves
  3 small abominations (Abyss:2)
  13 bullfrogs
  6 kobold brigands
  5 scorpions
  2 gnoll sergeants
  4 wights (D:10)
  11 killer bees
  7 vampire bats (Bailey)
  An electric eel (D:11)
  2 howler monkeys (D:8)
  6 wolf zombies (Bailey)
  2 jellies
  24 orc priests
  2 hounds
  Crazy Yiuf (D:5)
  3 iguanas
  24 orc wizards
  A spriggan simulacrum (Lair:1)
  2 troll simulacra (Lair:1)
  2 polar bear simulacra (Lair:1)
  A wolf simulacrum (Lair:1)
  6 gnolls
  2 adders
  A shadow imp (Abyss:2)
  A white imp (D:7)
  4 ufetubi
  7 worms
  A dart slug (D:2)
  81 orcs
  3 endoplasms
  7 goblins
  4 hobgoblins
  2 quokkas
  9 ball pythons
  2 bats (D:1)
  A frilled lizard (D:3)
  32 kobolds
  20 orc zombies (Bailey)
  6 rats
903 creatures vanquished.

Vanquished Creatures (collateral kills)
  An ugly thing (D:14)
  An elephant (Lair:5)
  A guardian serpent (Snake:4)
  A naga (Snake:3)
  A vampire bat (Bailey)
  2 orcs (Orc:1)
7 creatures vanquished.

Vanquished Creatures (others)
  A dancing weapon (Snake:4)
  A skeletal warrior (D:15)
  A human (Lair:4)
  A naga (Snake:3)
  2 starspawn tentacles (Abyss:2)
6 creatures vanquished.

Grand Total: 916 creatures vanquished

Notes
Turn   | Place    | Note
-------+----------+-------------------------------------------
     0 | D:1      | Xavori the Octopode Chaos Knight began the quest for the
                  | Orb.
     0 | D:1      | Reached XP level 1. HP: 16/16 MP: 1/1
   108 | D:1      | Reached XP level 2. HP: 21/21 MP: 2/2
   192 | D:1      | XOM: silly message
   259 | D:1      | XOM: silly message
   708 | D:1      | Found a faded altar of an unknown god.
   723 | D:1      | Reached XP level 3. HP: 26/26 MP: 3/3
  1081 | D:1      | XOM: draining
  1262 | D:1      | XOM is BORED!
  1262 | D:1      | XOM: give mutations
  1262 | D:1      | Gained mutation: You sometimes lose your temper in combat.
                  | [Xom's mischief]
  1262 | D:1      | Gained mutation: Your flesh is cold resistant. (rC+) [Xom's
                  | mischief]
  1875 | D:1      | XOM: scenery: 1 doors open
  2134 | D:1      | XOM: god gift: scroll labelled XUTUSHR JETAPHOMO {god gift}
  2670 | D:1      | XOM: give mutations
  2670 | D:1      | Gained mutation: Your flesh is heat resistant. (rF+) [Xom's
                  | grace]
  2670 | D:1      | Gained mutation: You are partially covered in large bone
                  | plates. (SH +4) [Xom's grace]
  2670 | D:1      | Gained mutation: Your system is resistant to poisons.
                  | (rPois) [Xom's grace]
  2767 | D:1      | XOM: god gift: 39 gold pieces
  3647 | D:1      | XOM: give mutation
  3647 | D:1      | Gained mutation: Your spells are a little harder to cast,
                  | but a little more powerful. [Xom's grace]
  4116 | D:1      | XOM: scenery: 1 doors close
  4538 | D:1      | XOM: scenery: 1 doors open
  4638 | D:1      | XOM: give mutation
  4638 | D:1      | Gained mutation: Your spells are harder to cast, but more
                  | powerful. [Xom's grace]
  5198 | D:1      | XOM: give mutation
  5198 | D:1      | Gained mutation: You are agile. (Dex +4, Str/Int -1) [Xom's
                  | grace]
  5863 | D:1      | XOM is BORED!
  5863 | D:1      | XOM: summons 2 hostile demons
  6407 | D:1      | XOM is BORED!
  6407 | D:1      | XOM: summons 2 hostile demons
  7097 | D:1      | XOM: torment (12/21 hp)
  7453 | D:1      | XOM: give mutations
  7453 | D:1      | Lost mutation: You are partially covered in large bone
                  | plates. (SH +4) [Xom's mischief]
  7453 | D:1      | Lost mutation: Your system is resistant to poisons. (rPois)
                  | [Xom's mischief]
  7453 | D:1      | Lost mutation: Your spells are harder to cast, but more
                  | powerful. [Xom's mischief]
  7453 | D:1      | Gained mutation: Your body sometimes deteriorates upon
                  | taking damage. [Xom's mischief]
  7668 | D:1      | XOM: give mutation
  7668 | D:1      | Gained mutation: Your mind is acute. (Int +4, Str/Dex -1)
                  | [Xom's mischief]
  7796 | D:1      | XOM: noise
  8216 | D:1      | XOM: 2-stop teleportation journey
  8226 | D:2      | Found an ornate altar of the Wu Jian Council.
  8546 | D:1      | XOM: god gift: 19 gold pieces
  8621 | D:1      | XOM is BORED!
  8883 | D:1      | XOM: noise
  8928 | D:1      | XOM: give mutations
  8928 | D:1      | Gained mutation: You are partially covered in iridescent
                  | scales. (AC +2) [Xom's grace]
  8928 | D:1      | Lost mutation: You sometimes lose your temper in combat.
                  | [Xom's grace]
  8928 | D:1      | Gained mutation: You are mostly covered in iridescent
                  | scales. (AC +4) [Xom's grace]
  8928 | D:1      | Gained mutation: You are resistant to electric shocks.
                  | (rElec) [Xom's grace]
  9073 | D:2      | Reached skill level 1 in Stealth
  9292 | D:2      | Reached skill level 2 in Stealth
  9303 | D:2      | Reached XP level 4. HP: 18/30 MP: 4/4
  9863 | D:3      | Reached skill level 3 in Stealth
 10430 | D:3      | Reached XP level 5. HP: 36/36 MP: 5/5
 10677 | D:4      | Found Hiusyeh's Book Shoppe.
 10679 | D:4      | Noticed a kobold brigand
 10687 | D:4      | XOM: confuse monster(s)
 10688 | D:4      | Killed a kobold brigand
 10689 | D:4      | Reached skill level 4 in Stealth
 10778 | D:4      | Found Vufix's Book Boutique.
 10886 | D:4      | Found Ynevuo Muel's Armour Emporium.
 10886 | D:4      | Noticed an ogre
 10888 | D:4      | Killed an ogre
 10889 | D:4      | Reached skill level 5 in Stealth
 10889 | D:4      | Reached skill level 1 in Shapeshifting
 10889 | D:4      | Reached XP level 6. HP: 42/42 MP: 6/6
 10927 | D:4      | XOM: noise
 10995 | D:4      | Found a white marble altar of Elyvilon.
 10995 | D:4      | Found a hazy altar of Hepliaklqana.
 11000 | D:4      | Found a radiant altar of Vehumet.
 11003 | D:4      | Found a shimmering altar of Xom.
 11005 | D:4      | Found an iron altar of Okawaru.
 11010 | D:4      | Found a bloodstained altar of Trog.
 11125 | D:4      | Found Niopib's Magic Scroll Shop.
 11126 | D:4      | XOM is BORED!
 11126 | D:4      | XOM: give mutations
 11126 | D:4      | Lost mutation: Your flesh is heat resistant. (rF+) [Xom's
                  | mischief]
 11126 | D:4      | Gained mutation: You are vulnerable to heat. (rF-) [Xom's
                  | mischief]
 11126 | D:4      | Gained mutation: You passively map a small area around you.
                  | [Xom's mischief]
 11126 | D:4      | Gained mutation: You are very vulnerable to heat. (rF--)
                  | [Xom's mischief]
 11126 | D:4      | Lost mutation: You are mostly covered in iridescent scales.
                  | (AC +4) [Xom's mischief]
 11368 | D:4      | XOM: summons 3 hostile shadow creatures
 11439 | D:5      | Entered Level 5 of the Dungeon
 11532 | D:5      | Reached skill level 6 in Stealth
 11633 | D:5      | Reached XP level 7. HP: 35/46 MP: 7/7
 11634 | D:5      | XOM: god gift: +5 long sword of chaos
 11644 | D:5      | Reached skill level 7 in Stealth
 11671 | D:5      | XOM: give mutation
 11671 | D:5      | Lost mutation: Your spells are a little harder to cast, but
                  | a little more powerful. [Xom's mischief]
 11738 | D:5      | XOM: give mutations
 11738 | D:5      | Gained mutation: One of your tentacles bears a spike.
                  | [Xom's grace]
 11738 | D:5      | Gained mutation: You have hidden genetic potential. [Xom's
                  | grace]
 11738 | D:5      | Gained mutation: You have great hidden genetic potential.
                  | [Xom's grace]
 11738 | D:5      | Gained mutation: Your muscles are strong. (Str +4, Int/Dex
                  | -1) [Xom's grace]
 11818 | D:5      | Found a runed translucent door.
 11819 | D:5      | Noticed Crazy Yiuf
 11916 | D:5      | XOM is BORED!
 11916 | D:5      | XOM: summons 4 hostile demons
 12015 | D:5      | XOM: scenery: summon butterflies
 12068 | D:5      | XOM: scenery: summon butterflies
 12183 | D:5      | Killed Crazy Yiuf
 12289 | D:5      | XOM: smoke on damage
 12336 | D:6      | XOM: god gift: 19 gold pieces
 12520 | D:5      | XOM: divination: detect items
 12539 | D:6      | XOM: cast spell 'Cause Fear'
 12556 | D:6      | XOM: noise
 12567 | D:6      | XOM: cleaving
 12576 | D:6      | Reached skill level 5 in Short Blades
 12613 | D:6      | Reached XP level 8. HP: 52/54 MP: 8/8
 12700 | D:6      | Reached skill level 8 in Stealth
 12712 | D:6      | Noticed a yak
 12717 | D:6      | Noticed a yak
 12718 | D:6      | XOM: enchant monster (good)
 12719 | D:6      | Killed a yak
 12722 | D:6      | Noticed a yak
 12723 | D:6      | Noticed a yak
 12725 | D:6      | XOM: confuse monster(s)
 12725 | D:6      | Noticed a yak
 12725 | D:6      | Noticed a yak
 12730 | D:6      | Killed a yak
 12731 | D:6      | XOM: divination: detect creatures
 12735 | D:6      | Gained mutation: You are very agile. (Dex +8, Str/Int -2)
                  | [hidden potential]
 12739 | D:6      | XOM: cast spell 'Metabolic Englaciation'
 12751 | D:6      | XOM: cast spell 'Summon Small Mammal'
 12765 | D:6      | Killed a yak
 12769 | D:6      | Killed a yak
 12770 | D:6      | Reached skill level 1 in Shields
 12773 | D:6      | Killed a yak
 12774 | D:6      | Reached XP level 9. HP: 26/59 MP: 9/9
 12997 | D:6      | XOM: destruction
 13105 | D:6      | XOM: draining
 13107 | D:6      | Found a staircase to the Ecumenical Temple.
 13387 | D:7      | XOM: 4-stop teleportation journey
 13467 | D:7      | Reached skill level 5 in Fighting
 13467 | D:7      | Reached skill level 9 in Stealth
 13483 | D:7      | Gained mutation: One of your tentacles bears a nasty spike.
                  | [hidden potential]
 13483 | D:7      | Lost mutation: You have great hidden genetic potential.
                  | [hidden potential expressed]
 13487 | D:7      | XOM: cleaving
 13503 | D:7      | Found a sacrificial altar of Ru.
 13525 | D:7      | XOM: cloud trail
 13532 | D:7      | Found a glowing silver altar of Zin.
 13631 | D:7      | Found a sparkling altar of Nemelex Xobeh.
 13631 | D:7      | XOM: 3-stop teleportation journey
 13633 | D:7      | Reached skill level 5 in Shapeshifting
 13766 | D:7      | XOM: give mutations
 13766 | D:7      | Lost mutation: Your mind is acute. (Int +4, Str/Dex -1)
                  | [Xom's mischief]
 13766 | D:7      | Lost mutation: You passively map a small area around you.
                  | [Xom's mischief]
 13766 | D:7      | Gained mutation: You are robust. (+10% HP) [Xom's mischief]
 13812 | D:7      | XOM: cast spell 'Call Canine Familiar'
 13817 | D:7      | XOM: give mutations
 13817 | D:7      | Lost mutation: You are very vulnerable to heat. (rF--)
                  | [Xom's mischief]
 13817 | D:7      | Lost mutation: Your muscles are strong. (Str +4, Int/Dex
                  | -1) [Xom's mischief]
 13817 | D:7      | Lost mutation: You are vulnerable to heat. (rF-) [Xom's
                  | mischief]
 13817 | D:7      | Lost mutation: One of your tentacles bears a nasty spike.
                  | [Xom's mischief]
 14059 | D:8      | Found a flagged portal.
 14071 | Bailey   | Entered a bailey
 14162 | Bailey   | XOM: cast spell 'Call Canine Familiar'
 14165 | Bailey   | Reached skill level 10 in Stealth
 14183 | Bailey   | XOM: summons 4 hostile shadow creatures
 14470 | Bailey   | Noticed a gargoyle
 14478 | Bailey   | Killed a gargoyle
 14479 | Bailey   | Reached XP level 10. HP: 72/72 MP: 10/10
 14503 | Bailey   | HP: 2/72 [something (23)]
 14510 | Bailey   | HP: 1/72 [something (3)]
 15014 | D:8      | Noticed Maggie
 15025 | D:8      | Killed Maggie
 15026 | D:8      | Reached skill level 5 in Dodging
 15026 | D:8      | Reached skill level 1 in Evocations
 15042 | D:8      | Gained mutation: Your flesh is very cold resistant. (rC++)
                  | [hidden potential]
 15046 | D:8      | Reached skill level 11 in Stealth
 15209 | D:8      | Noticed Jeremiah
 15216 | D:8      | Killed Jeremiah
 15323 | D:8      | XOM: scenery: 1 doors close
 15456 | D:7      | XOM: god gift: book of Vapours
 15467 | D:7      | XOM: polymorph yak -> polar bear
 15693 | D:8      | XOM: smoke on damage
 15717 | D:8      | Reached skill level 12 in Stealth
 15718 | D:8      | XOM: summons 3 hostile shadow creatures
 16023 | D:8      | XOM: draining
 16481 | D:9      | Found a staircase to the Lair.
 16481 | D:9      | Noticed an elephant
 16506 | D:9      | XOM: fog
 16553 | D:9      | XOM: chaos upgrade
 16568 | D:9      | Killed an elephant
 16569 | D:9      | Reached XP level 11. HP: 57/79 MP: 11/11
 16574 | D:9      | XOM: fog
 16819 | D:9      | Found a burning altar of Makhleb.
 17105 | D:9      | Gained mutation: You passively dampen the noise of your
                  | surroundings. [hidden potential]
 17105 | D:9      | Lost mutation: You have hidden genetic potential. [hidden
                  | potential expressed]
 17184 | D:9      | XOM: noise
 17185 | D:9      | XOM: give mutation
 17185 | D:9      | Gained mutation: You have an increased reservoir of magic.
                  | (+10% MP) [Xom's grace]
 17359 | D:9      | XOM: divination: magic mapping
 17360 | D:9      | XOM: destruction
 17377 | D:9      | XOM: scenery: 1 doors close
 17690 | D:9      | XOM: divination: detect creatures
 17882 | D:10     | Entered Level 10 of the Dungeon
 17899 | D:10     | Found a staircase to the Orcish Mines.
 17982 | D:10     | Noticed Harold
 17989 | D:10     | Killed Harold
 17999 | D:10     | Noticed a two-headed ogre
 18010 | D:10     | Killed a two-headed ogre
 18011 | D:10     | Reached skill level 5 in Shields
 18011 | D:10     | Reached skill level 5 in Evocations
 18063 | D:10     | XOM: silly message
 18246 | D:10     | XOM: silly message
 18318 | D:10     | Noticed Joseph
 18448 | D:10     | Killed Joseph
 18620 | D:9      | XOM: god gift: scroll labelled PEUWYSOENE {god gift}
 18743 | Lair:1   | Entered Level 1 of the Lair of Beasts
 18793 | Lair:1   | Reached skill level 13 in Stealth
 18926 | Lair:1   | XOM: summons friendly quasit
 18937 | Lair:1   | XOM: polymorph yak -> hog
 18992 | Lair:1   | Reached XP level 12. HP: 88/88 MP: 13/13
 19023 | Lair:1   | XOM: god gift: 31 gold pieces
 19081 | Lair:1   | XOM: 1-stop teleportation journey
 19098 | Lair:1   | XOM: polymorph blink frog -> naga
 19099 | Lair:1   | Reached skill level 14 in Stealth
 19258 | Lair:1   | XOM: confusion (+ monsters)
 19291 | Lair:1   | XOM: scenery: create altars
 19304 | Lair:1   | Learned a level 3 spell: Dazzling Flash
 19407 | Lair:1   | XOM: give mutations
 19407 | Lair:1   | Lost mutation: Your body sometimes deteriorates upon taking
                  | damage. [Xom's mischief]
 19407 | Lair:1   | Gained mutation: Your spells are a little easier to cast,
                  | but a little less powerful. [Xom's mischief]
 19446 | Lair:1   | XOM: cloud trail
 19704 | Lair:1   | XOM: divination: detect items
 19712 | Lair:1   | XOM: god gift: 23 gold pieces
 19919 | Lair:1   | Noticed a catoblepas
 19926 | Lair:1   | Killed a catoblepas
 19927 | Lair:1   | Noticed a death yak
 19948 | Lair:1   | Reached skill level 1 in Conjurations
 19948 | Lair:1   | Reached skill level 1 in Hexes
 19987 | Lair:1   | Reached skill level 1 in Spellcasting
 20025 | Lair:1   | XOM: cast spell 'Chain of Chaos'
 20035 | Lair:1   | XOM: cast spell 'Call Canine Familiar'
 20217 | Lair:1   | Identified the +2 robe of Usecaog {-Tele rF++ Int+2}
 20227 | Lair:1   | Killed a death yak
 20560 | Lair:1   | XOM: give mutations
 20560 | Lair:1   | Lost mutation: One of your tentacles bears a spike. [Xom's
                  | mischief]
 20560 | Lair:1   | Gained mutation: You are strong-willed. (Will+) [Xom's
                  | mischief]
 20643 | Lair:2   | XOM: give mutations
 20643 | Lair:2   | Lost mutation: You are partially covered in iridescent
                  | scales. (AC +2) [Xom's mischief]
 20643 | Lair:2   | Gained mutation: You occasionally shout uncontrollably at
                  | your foes. [Xom's mischief]
 20814 | Lair:2   | Noticed a skyshark
 20821 | Lair:2   | Killed a skyshark
 20828 | Lair:2   | Noticed a five-headed hydra
 20834 | Lair:2   | Killed a five-headed hydra
 21010 | Lair:2   | XOM: stat loss: -1 Dex (36/37)
 21038 | Lair:2   | XOM: stat loss: -1 Str (8/9)
 21061 | Lair:2   | XOM: give mutations
 21061 | Lair:2   | Gained mutation: You have hidden genetic potential. [Xom's
                  | mischief]
 21061 | Lair:2   | Lost mutation: You are robust. (+10% HP) [Xom's mischief]
 21061 | Lair:2   | Lost mutation: You occasionally shout uncontrollably at
                  | your foes. [Xom's mischief]
 21061 | Lair:2   | Gained mutation: Your muscles are strong. (Str +4, Int/Dex
                  | -1) [Xom's mischief]
 21517 | Lair:2   | XOM: noise
 21548 | Lair:3   | Noticed Sonja
 21548 | Lair:3   | Noticed a catoblepas
 21548 | Lair:3   | XOM: blink monster(s)
 21549 | Lair:3   | XOM: swap monsters
 21555 | Lair:3   | XOM: repel stairs
 21560 | Lair:3   | Killed a catoblepas
 21561 | Lair:3   | Reached skill level 15 in Stealth
 21564 | Abyss:2  | Cast into level 2 of the Abyss (Sonja)
 21595 | Abyss:2  | Noticed a thrashing horror
 21608 | Abyss:2  | XOM: summons 7 friendly demons
 21615 | Abyss:2  | Reached XP level 13. HP: 74/85 MP: 18/18
 21617 | Abyss:2  | XOM: give mutations
 21617 | Abyss:2  | Gained mutation: You are covered in fur. (AC +1) [Xom's
                  | grace]
 21617 | Abyss:2  | Gained mutation: You are covered in thick fur. (AC +2)
                  | [Xom's grace]
 21668 | Abyss:2  | XOM: confuse monster(s)
 21732 | Abyss:2  | Noticed a green very ugly thing
 21732 | Abyss:2  | Noticed a green very ugly thing
 21754 | Abyss:2  | XOM: divination: detect creatures
 21762 | Abyss:2  | Noticed a tentacled starspawn
 21771 | Abyss:2  | XOM: potion effect (experience)
 21771 | Abyss:2  | Reached XP level 14. HP: 90/90 MP: 18/21
 21772 | Abyss:2  | XOM: smoke on damage
 21791 | Abyss:2  | Killed a tentacled starspawn
 21845 | Abyss:2  | Noticed a green draconian
 21849 | Abyss:2  | XOM: potion effect (invisibility)
 21863 | Abyss:2  | Noticed a lorocyproca
 21864 | Abyss:2  | XOM: silly message
 21879 | Abyss:2  | XOM: silly message
 21902 | Abyss:2  | Noticed a tentacled starspawn
 21918 | Abyss:2  | XOM: silly message
 21936 | Abyss:2  | Killed a green draconian
 21958 | Lair:3   | Escaped the Abyss
 21971 | Lair:3   | Killed Sonja
 22000 | Lair:3   | Noticed Uleac's ghost (journeyman DsNe)
 22029 | Lair:3   | XOM: potion effect (might)
 22033 | Lair:3   | XOM: silly message
 22057 | Lair:3   | XOM: chaos cloud
 22116 | Lair:3   | Found a staircase to the Swamp.
 22272 | Lair:3   | XOM: summons 8 hostile demons
 22302 | Lair:3   | XOM: summons 7 hostile demons
 22437 | Lair:3   | Found a staircase to the Snake Pit.
 22568 | Lair:3   | Gained mutation: You are robust. (+10% HP) [hidden
                  | potential]
 22684 | Lair:3   | Found a transporter.
 22686 | Lair:3   | Found a transporter.
 22690 | Lair:3   | Found a bloodstained altar of Trog.
 22843 | Lair:3   | Got Nuikhluo's Cyclopedia of the Hyperbolic Icicle
 23254 | Lair:4   | XOM: noise
 23288 | Lair:4   | XOM: divination: magic mapping
 23343 | Lair:4   | Noticed Kirke
 23359 | Lair:4   | Killed Kirke
 23360 | Lair:4   | Reached skill level 16 in Stealth
 23367 | Lair:4   | XOM: potion effect (curing)
 23533 | Lair:4   | Reached skill level 5 in Conjurations
 23681 | Lair:4   | XOM: cloud trail
 23974 | Lair:4   | XOM: cloud trail
 24013 | Lair:4   | XOM: scenery: summon butterflies
 24035 | Lair:4   | XOM: summons 3 hostile demons
 24065 | Lair:4   | XOM: summons 7 hostile demons
 24377 | Lair:4   | XOM: summons 4 hostile demons
 24547 | Lair:5   | Entered Level 5 of the Lair of Beasts
 24547 | Lair:5   | Noticed Nessos
 24549 | Lair:5   | Reached skill level 5 in Hexes
 24550 | Lair:5   | XOM: butterfly on damage
 24563 | Lair:4   | XOM: blink monster(s)
 24818 | Lair:5   | Found a sacrificial altar of Ru.
 24829 | Lair:5   | XOM: enchant monster (bad)
 24840 | Lair:5   | XOM: summons friendly ufetubus
 24850 | Lair:5   | XOM: potion effect (heal wounds)
 24856 | Lair:5   | XOM: summons friendly crimson imp
 24886 | Lair:5   | XOM: summons friendly iron imp
 24972 | Lair:5   | XOM: enchant monster (good)
 25193 | Lair:5   | XOM: polymorph skyshark -> anaconda
 25201 | Lair:5   | XOM: 2-stop teleportation journey
 25321 | Lair:5   | Reached skill level 10 in Short Blades
 25329 | Lair:5   | XOM: 1-stop teleportation journey
 25332 | Lair:5   | XOM: polymorph water moccasin -> golden eye
 25517 | Lair:4   | XOM: stat loss: -1 Str (12/13)
 25566 | Lair:5   | XOM: polymorph blink frog -> yak
 25624 | Lair:5   | Reached XP level 15. HP: 34/106 MP: 14/23
 25682 | Lair:5   | XOM: stat loss: -1 Int (10/11)
 25714 | Lair:5   | XOM: noise
 25716 | Lair:5   | XOM: noise
 25740 | Lair:5   | XOM: confuse monster(s)
 25749 | Lair:5   | XOM: silly message
 25760 | Lair:5   | XOM: silly message
 25769 | Lair:5   | XOM: potion effect (magic)
 25784 | Lair:5   | XOM: divination: magic mapping
 25797 | Lair:5   | XOM: summons friendly white imp
 26091 | Lair:5   | Killed Nessos
 26099 | Lair:5   | XOM: enchant monster (bad)
 26108 | Lair:5   | XOM: divination: magic mapping
 26139 | Lair:5   | Reached skill level 10 in Shapeshifting
 26150 | Lair:5   | Gained mutation: Your muscles are very strong. (Str +8,
                  | Int/Dex -2) [hidden potential]
 26150 | Lair:5   | Lost mutation: You have hidden genetic potential. [hidden
                  | potential expressed]
 26279 | Lair:5   | XOM: divination: detect creatures
 26337 | Lair:5   | XOM: silly message
 26399 | Lair:5   | Found a runed translucent door.
 26452 | Lair:5   | XOM: 2-stop teleportation journey
 26602 | Lair:5   | XOM: noise
 26776 | Lair:5   | XOM: potion effect (might)
 26849 | Lair:5   | Reached skill level 17 in Stealth
 26886 | Lair:5   | Reached skill level 10 in Evocations
 27047 | Lair:5   | XOM: silly message
 27091 | Lair:5   | XOM: enchant monster (good)
 27107 | Lair:5   | XOM: cast spell 'Leda's Liquefaction'
 27227 | Lair:5   | Identified a scroll of acquirement
 27227 | Lair:5   | Acquired 385 gold pieces
 27229 | Lair:5   | Found a viscous altar of Jiyva.
 27229 | Lair:5   | Found a staircase to the Slime Pits.
 27264 | Lair:5   | XOM: divination: detect creatures
 27342 | Lair:5   | XOM: noise
 27700 | Orc:1    | Entered Level 1 of the Orcish Mines
 27792 | Orc:1    | XOM: smoke on damage
 27809 | Orc:1    | XOM: silly message
 27900 | Orc:1    | XOM: god gift: battleaxe {god gift}
 27917 | Orc:1    | XOM: noise
 27999 | Orc:1    | XOM: noise
 28164 | Orc:2    | Entered Level 2 of the Orcish Mines
 28166 | Orc:2    | Found a staircase to the Elven Halls.
 28196 | Orc:2    | XOM: 3-stop teleportation journey
 28275 | Orc:1    | XOM: summons friendly quasit
 28420 | Orc:2    | XOM: divination: detect items
 28430 | Orc:2    | XOM: confuse monster(s)
 28440 | Orc:2    | XOM: 4-stop teleportation journey
 28441 | Orc:2    | XOM: smoke on damage
 28461 | Orc:2    | Lost mutation: Your spells are a little easier to cast, but
                  | a little less powerful. [potion of mutation]
 28461 | Orc:2    | Lost mutation: Your muscles are very strong. (Str +8,
                  | Int/Dex -2) [potion of mutation]
 28461 | Orc:2    | Lost mutation: You are very agile. (Dex +8, Str/Int -2)
                  | [potion of mutation]
 28461 | Orc:2    | Lost mutation: You are agile. (Dex +4, Str/Int -1) [potion
                  | of mutation]
 28461 | Orc:2    | Gained mutation: You are occasionally teleported next to
                  | monsters. [potion of mutation]
 28461 | Orc:2    | Gained mutation: You are partially covered in iridescent
                  | scales. (AC +2) [potion of mutation]
 28574 | Orc:2    | XOM: polymorph centaur -> jelly
 28580 | Orc:2    | XOM: cast spell 'Alistair's Intoxication'
 28581 | Orc:2    | XOM: scenery: create altars
 28820 | Orc:2    | XOM: give mutations
 28820 | Orc:2    | Gained mutation: Your flesh is almost immune to the effects
                  | of cold. (rC+++) [Xom's grace]
 28820 | Orc:2    | Gained mutation: You are agile. (Dex +4, Str/Int -1) [Xom's
                  | grace]
 28820 | Orc:2    | Gained mutation: You are mostly covered in iridescent
                  | scales. (AC +4) [Xom's grace]
 28858 | Orc:2    | XOM: give mutations
 28858 | Orc:2    | Gained mutation: You passively map a small area around you.
                  | [Xom's grace]
 28858 | Orc:2    | Gained mutation: Your spells are a little harder to cast,
                  | but a little more powerful. [Xom's grace]
 28873 | Orc:2    | Found Ebieff's Self-Improvement Boutique.
 28901 | Orc:2    | XOM: confuse monster(s)
 29113 | Orc:2    | Found Jowot's Jewellery Shop.
 29113 | Orc:2    | Found Huichius's Magic Scroll Emporium.
 29113 | Orc:2    | Found Tobriegg's Weapon Shoppe.
 29116 | Orc:2    | Found Issit's General Store.
 29121 | Orc:2    | Bought 3 scrolls of blinking for 360 gold pieces
 29121 | Orc:2    | Bought a scroll of blinking for 120 gold pieces
 29128 | Orc:2    | Bought a potion of curing for 42 gold pieces
 29411 | D:11     | Found Uroqig's Distillery.
 29416 | D:11     | Bought a potion of heal wounds for 50 gold pieces
 29416 | D:11     | Bought a potion of curing for 30 gold pieces
 29416 | D:11     | Bought a potion of curing for 30 gold pieces
 29620 | D:11     | Found Goll's Armour Emporium.
 30198 | D:11     | Got the Omnibus of the Beguiling Traveller
 30414 | D:12     | Found Ummen's General Store.
 30420 | D:12     | Bought a condenser vane for 600 gold pieces
 30644 | D:12     | Reached XP level 16. HP: 108/115 MP: 24/24
 30724 | D:12     | Noticed Rupert
 30727 | D:12     | Killed Rupert
 30739 | D:12     | XOM: noise
 30773 | D:12     | XOM: divination: detect items
 30779 | D:12     | XOM: silly message
 30829 | D:12     | Noticed Urug
 30830 | D:12     | Killed Urug
 30967 | D:12     | Reached skill level 18 in Stealth
 31071 | D:13     | Found the +3 warlock's mirror {omnireflect}
 31162 | D:13     | Found a stormy altar of Qazlal.
 31293 | D:13     | XOM: noise
 31300 | D:13     | XOM: scenery: create altars
 31321 | D:13     | XOM: summons friendly iron imp
 31360 | D:12     | XOM: chaos upgrade
 31672 | D:13     | You fall into a shaft and drop 2 floors!
 31672 | D:15     | Entered Level 15 of the Dungeon
 31743 | D:15     | XOM: confuse monster(s)
 31745 | D:15     | XOM: potion effect (might)
 32122 | D:15     | XOM: scenery: summon butterflies
 32215 | D:15     | Found a staircase to the Depths.
 32530 | D:15     | XOM: summons 2 friendly demons
 32634 | D:15     | XOM: draining
 32653 | D:15     | XOM: swap monsters
 32661 | D:15     | Reached skill level 19 in Stealth
 32665 | D:15     | Reached skill level 10 in Shields
 32861 | D:14     | XOM: noise
 32878 | D:14     | XOM: enchant monster (bad)
 32888 | D:14     | XOM: chaos upgrade
 32958 | D:14     | XOM: divination: detect items
 32988 | D:14     | XOM: summons friendly shadow imp
 32991 | D:14     | XOM: summons friendly shadow imp
 33088 | D:14     | XOM: god gift: scimitar {god gift}
 33344 | D:14     | Found a gate to the Vaults.
 33404 | D:14     | XOM: give mutation
 33404 | D:14     | Gained mutation: You are completely covered in iridescent
                  | scales. (AC +6) [Xom's grace]
 33490 | D:14     | XOM: give mutations
 33490 | D:14     | Gained mutation: You passively map the area around you.
                  | [Xom's grace]
 33490 | D:14     | Gained mutation: One of your tentacles bears a spike.
                  | [Xom's grace]
 33490 | D:14     | Gained mutation: You have very sharp teeth. [Xom's grace]
 33886 | D:13     | XOM: scenery: summon butterflies
 34064 | D:13     | Noticed Snorg
 34065 | D:13     | Killed Snorg
 34166 | D:13     | XOM: cloud trail
 34189 | D:13     | XOM: chaos upgrade
 34203 | D:13     | XOM: summons 5 friendly demons
 34295 | D:13     | Reached XP level 17. HP: 118/122 MP: 25/25
 34504 | Orc:2    | Bought a ring of poison resistance for 240 gold pieces
 34681 | Snake:1  | Entered Level 1 of the Snake Pit
 34774 | Snake:1  | Noticed Frances
 34785 | Snake:1  | XOM: cloud trail
 34931 | Snake:1  | Killed Frances
 34932 | Snake:1  | Reached skill level 20 in Stealth
 34941 | Snake:1  | XOM: polymorph naga -> scorpion
 35095 | Snake:1  | Found Vuotuodu's Antique Weapon Boutique.
 35095 | Snake:1  | Found Imituff's Antique Armour Shop.
 35099 | Snake:1  | Found Boejisk's Magic Scroll Boutique.
 35103 | Snake:1  | Bought a warped dagger for 259 gold pieces
 35103 | Snake:1  | Identified the +5 dagger of Action {freeze, rC+ rN++} (You
                  | bought it in a shop on level 1 of the Snake Pit)
 35600 | Snake:2  | XOM: confusion (+ monsters)
 35621 | Snake:2  | XOM: enchant monster (good)
 35716 | Snake:2  | Noticed Vashnia
 35722 | Snake:2  | XOM: blink monster(s)
 35723 | Snake:2  | XOM: butterfly on damage
 35984 | Snake:1  | XOM: give mutations
 35984 | Snake:1  | Gained mutation: You have hidden genetic potential. [Xom's
                  | grace]
 35984 | Snake:1  | Gained mutation: One of your tentacles bears a nasty spike.
                  | [Xom's grace]
 35984 | Snake:1  | Gained mutation: You are highly strong-willed. (Will++)
                  | [Xom's grace]
 36085 | Snake:2  | XOM: confuse monster(s)
 36090 | Snake:2  | Killed Vashnia
 36091 | Snake:2  | Reached skill level 10 in Dodging
 36091 | Snake:2  | Reached skill level 21 in Stealth
 36130 | Snake:2  | XOM: cast spell 'Olgreb's Toxic Radiance'
 36134 | Snake:2  | XOM: fog
 36499 | Snake:3  | Found Omiynoiz's Armour Boutique.
 36544 | Snake:3  | XOM: scenery: create altars
 36815 | Snake:3  | XOM: cast spell 'Summon Horrible Things'
 36868 | Snake:3  | XOM: god gift: staff of conjuration
 36931 | Snake:3  | Found Maeddopa's Armour Shop.
 37002 | Snake:3  | XOM: god gift: potion of degeneration
 37007 | Snake:3  | XOM: cleaving
 37121 | Snake:3  | Identified the +8 falchion of the Ageing Jester {antimagic,
                  | Fly Will- Dex+4 SInv}
 37131 | Snake:3  | XOM: destruction
 37195 | Snake:3  | Reached skill level 1 in Unarmed Combat
 37567 | Snake:3  | XOM: god gift: scroll of fear
 37860 | Snake:4  | Entered Level 4 of the Snake Pit
 37883 | Snake:4  | XOM: enchant monster (good)
 37907 | Snake:4  | XOM: god gift: atropa-tipped dart
 37970 | Snake:4  | XOM: summons 7 hostile demons
 38020 | Snake:4  | XOM: potion effect (attraction)
 38034 | Snake:4  | XOM: cast spell 'Summon Ice Beast'
 38039 | Snake:4  | Reached XP level 18. HP: 88/129 MP: 22/26
 38112 | Snake:4  | XOM: potion effect (curing)
 38121 | Snake:4  | XOM: divination: magic mapping
 38181 | Snake:4  | XOM: potion effect (curing)
 38288 | Snake:4  | XOM: potion effect (attraction)
 38320 | Snake:4  | XOM: potion effect (brilliance)
 38359 | Snake:4  | Found Emesah's Neck Hole.
 38485 | Snake:4  | XOM: god gift: scroll of enchant weapon
 38678 | Snake:4  | XOM: scenery: 2 doors open
 38692 | Snake:4  | XOM: cleaving
 38702 | Snake:4  | XOM: scenery: create altars
 38757 | Snake:4  | XOM: polymorph salamander mystic -> slime creature
 38774 | Snake:4  | Gained mutation: You are extremely strong-willed. (Will+++)
                  | [hidden potential]
 38781 | Snake:4  | XOM: silly message
 38782 | Snake:4  | XOM: chaos cloud
 38790 | Snake:4  | Killed from afar by a salamander tyrant

Illustrated notes

Levels and vault maps discovered:
D:1:      lightli_arrival_farm, layout_basic,
          hellmonk_ecumenical_altar_inner_sanctum
D:2:      layout_loops_ring, basic_altar, nicolae_wormholes
D:3:      layout_loops_corners
D:4:      layout_basic, nicolae_overflow_hallway_of_the_gods, serial_shops,
          nicolae_shop_stone, nicolae_shop_rolled_up,
          nicolae_shop_tiny_waterfront, nicolae_shop_advertising_works
          [nicolae_subvault_shop_adworks], kennysheep_generic_room_14
D:5:      layout_loops_ring, uniq_crazy_yiuf_cottage
D:6:      layout_rooms, minmay_temple_entry_hall
D:7:      layout_rooms, lemuel_tele_altar, mainiacjoe_overflow_two_lobes
D:8:      layout_gridville, enter_bailey_2, patterned_corridor, uniq_jeremiah,
          uniq_maggie
D:9:      layout_irregular_city, mainiacjoe_overflow_boulevard,
          david_lair_generic
D:10:     layout_rooms, orc_0_dummy, hangedman_misty_isle, uniq_harold,
          uniq_joseph
D:11:     layout_basic, serial_aquarium, aquarium_bridge_square
          [aquarium_subvault_bridge, aquarium_subvault_bridge,
          aquarium_subvault_window, aquarium_subvault_wall], aquarium_window_1,
          aquarium_window_corner, aquarium_window_corridor_3,
          aquarium_window_fake, aquarium_view_2c, aquarium_balcony_1b,
          aquarium_pool_S, serial_shops, nicolae_shop_tiny_real_fake_doors,
          nicolae_shop_industrial_runoff
D:12:     layout_loops_ring, serial_shops, nicolae_shop_tiny_real_fake_doors,
          uniq_urug, uniq_rupert
D:13:     minmay_slanted_spiral_squares, layout_basic, roderic_roman_lattice,
          hangedman_decor_points, grunt_qazlal_clouds, uniq_snorg
D:14:     layout_long_grid, erik_vaults_1
D:15:     hangedman_depths_entry_civil_slaughter, layout_loops_corners,
          glass_columns_b, grunt_ministairs_5
Lair:1:   dreamdust_isle_of_ice, layout_cave_pods, serial_forest,
          infiniplex_forest_corner_1, infiniplex_forest_zigzag_1,
          infiniplex_forest_end_double, infiniplex_forest_straight_5,
          infiniplex_forest_clump_diagonal, infiniplex_forest_straight_5,
          infiniplex_forest_clump_diagonal, infiniplex_staircase_pool_2,
          grunt_megastairs_3
Lair:2:   layout_chaotic_city
Lair:3:   layout_gridlike, swamp_mist, nicolae_snake_entry_squirm,
          gammafunk_ghost_wrathful_warriors, grunt_forest_small_clearings,
          minmay_lair_oklob_items, infiniplex_staircase_pool,
          lemuel_fruit_fields, uniq_sonja
Lair:4:   layout_layer_cave, uniq_kirke
Lair:5:   wormcave, layout_loops_ring, hangedman_lair_tendril_chambers,
          dpeg_slime_entry_corner, basic_altar, uniq_nessos
Snake:1:  layout_misc_corridors, minmay_shop_star, uniq_frances
Snake:2:  layout_misc_corridors, st_stairs_5, grunt_ministairs_1, uniq_vashnia
Snake:3:  layout_chambers, serial_shops, nicolae_shop_hallway_stairs,
          nicolae_take_the_stairs
Snake:4:  johnstein_snake_rune_scales, layout_cave_shapes,
          nicolae_shop_sticking_my_neck_out
Orc:1:    layout_caves
Orc:2:    st_orc_rangers, layout_caves, basic_altar, nicolae_shop_self_help

Skill      XL: |  1  2  3  4  5  6  7  8  9 10 11 12 13 14 15 16 17 18 |
---------------+-------------------------------------------------------+-----
Stealth        | 2 3 5 6 7 8 10 12 13 15 16 17 19 21 | 21.1
Short Blades   | 4 5 6 7 8 9 10 11 | 11.5
Dodging        | 3 4 5 6 7 8 9 10 | 10.7
Shapeshifting  | 1 2 4 5 6 7 8 9 10 11 12 13 | 13.0
Fighting       | 4 5 6 7 8 9 |  9.4
Shields        | 1 2 4 5 6 7 9 10 11 | 11.8
Evocations     | 3 6 7 9 10 11 12 | 12.2
Conjurations   | 2 3 5 |  5.6
Hexes          | 2 3 5 |  5.5
Spellcasting   | 2 3 4 |  4.1
Unarmed Combat | 2 3 |  3.4

Action                     |  1- 3 |  4- 6 |  7- 9 | 10-12 | 13-15 | 16-18 || total
---------------------------+-------+-------+-------+-------+-------+-------++-------
  Melee: Short sword       |    17 |       |       |       |       |       ||    17
         Tentacles         |    13 |    16 |    48 |   158 |   496 |   310 ||  1041
         Dagger            |    58 |    80 |   221 |   532 |  1294 |   977 ||  3162
         Constrict         |    13 |    16 |    42 |    77 |   167 |    69 ||   384
         Punch             |     1 |       |     6 |    11 |    32 |    24 ||    74
         Kick              |       |       |    95 |   230 |       |   296 ||   621
         Bite              |       |       |       |       |       |   117 ||   117
         Maw               |       |       |       |       |       |   156 ||   156
   Cast: Dazzling Flash    |       |       |       |       |    34 |    28 ||    62
  Evoke: Lightning rod     |       |       |       |     1 |     6 |     4 ||    11
         Wand              |       |       |       |       |     9 |       ||     9
         Condenser vane    |       |       |       |       |       |     2 ||     2
    Use: Scroll            |     4 |     2 |     5 |     8 |     6 |     3 ||    28
         Potion            |       |       |       |     5 |     4 |     2 ||    11
   Stab: Sleeping          |    10 |    14 |    20 |    40 |    56 |    83 ||   223
         Confused          |       |     1 |     1 |     2 |     4 |     5 ||    13
         Paralysed         |       |       |     1 |       |     1 |       ||     2
         Distracted        |       |       |     3 |     5 |    13 |    11 ||    32
         Invisible         |       |       |       |       |    29 |    29 ||    58
         Petrifying        |       |       |       |       |     1 |     1 ||     2
 Armour: Skin              |    17 |    18 |    68 |   109 |   255 |   189 ||   656
  Dodge: Dodged            |    28 |    24 |   100 |   161 |   512 |   450 ||  1275
  Block: Kite shield       |       |       |    50 |   248 |   705 |     6 ||  1009
         Reflection        |       |       |       |       |    39 |    59 ||    98
         Buckler           |       |       |       |       |       |   442 ||   442
   Form: Beast             |       |     1 |       |       |       |       ||     1
         Maw               |       |       |       |       |       |     1 ||     1

Table legend: (Time is in decaauts)
 A = Elapsed time spent in this place.
 B = Non-inter-level travel time spent in this place.
 C = Inter-level travel time spent in this place.
 D = Time resting spent in this place.
 E = Time spent auto-exploring this place.
 F = Levels seen in this place.
 G = Mean time per level.
                   A        B        C        D        E       F      G
               +--------+--------+--------+--------+--------+-----+--------+
         Total |  37254 |  35622 |   1632 |  12646 |  17182 |  28 | 1330.5 |
       Dungeon |  22463 |  21466 |    997 |   9830 |   9430 |  15 | 1497.5 |
          Lair |   8086 |   7642 |    444 |   1645 |   4408 |   5 | 1617.2 |
     Snake Pit |   3859 |   3808 |     51 |    474 |   2366 |   4 |  964.8 |
  Orcish Mines |   1594 |   1455 |    139 |    188 |    823 |   2 |  797.0 |
         Abyss |    363 |    363 |      0 |     36 |      0 |   1 |  363.0 |
        Bailey |    887 |    887 |      0 |    472 |    155 |   1 |  887.0 |
               +--------+--------+--------+--------+--------+-----+--------+

Top non-repeatable levels by time:
     D:1: 8348 daAuts
  Lair:5: 2148 daAuts
  Lair:1: 1869 daAuts
  Lair:4: 1843 daAuts
     D:9: 1568 daAuts
     D:2: 1345 daAuts
 Snake:3: 1306 daAuts
    D:13: 1292 daAuts
  Lair:3: 1285 daAuts
     D:7: 1129 daAuts
    D:15: 1079 daAuts
   Orc:2: 1078 daAuts
     D:8: 1031 daAuts
     D:5: 1021 daAuts
 Snake:1: 994 daAuts
